 Dungeon Sprint DCSS version 0.27.1-33-g824d729ab1 (webtiles) character file.

Game seed: 3292325881515210546

602 Hipnos the Carver (level 7, -1/109 HPs)
             Began as a Minotaur Berserker on Nov 25, 2021.
             Was a Priest of Trog.
             Slain by Sonja (7 damage)
             ... in the Dungeon (Sprint I: "Red Sonja").
             The game lasted 00:02:02 (333 turns).

Hipnos the Carver (Minotaur Berserker)               Turns: 333, Time: 00:02:02

Health: -1/109     AC:  7    Str: 24    XL:     7   Next: 18%
Magic:  6/6        EV: 12    Int:  4    God:    Trog [***...]
Gold:   308        SH:  0    Dex:  9    Spells: 6/6 levels left

rFire    + . .     SeeInvis .   a - +0 falchion
rCold    . . .     Faith    .   (no shield)
rNeg     . . .     Spirit   .   j - +1 ring mail {rF+}
rPois    .         Reflect  .   (helmet restricted)
rElec    .         Harm     .   (no cloak)
rCorr    .         Rampage  .   (no gloves)
Will     .....     NoTele   +   (no boots)
Stlth    ..........             (no amulet)
HPRegen  0.28/turn              (no ring)
MPRegen  0.10/turn              (no ring)

@: berserking, lethally poisoned (-1 -> -3), slowed
A: horns 2, retaliatory headbutt
a: Renounce Religion, Berserk, Trog's Hand


You were in the Dungeon.
You worshipped Trog.
Trog was most pleased with you.
You visited 1 branch You collected 308 gold pieces.

Inventory:

Hand Weapons
 a - a +0 falchion (weapon)
Armour
 b - a +0 animal skin
 j - a +1 ring mail of fire resistance (worn)
Wands
 i - a wand of polymorph (11)
Scrolls
 h - a scroll of blinking
 k - a scroll of identify {unknown}
Potions
 c - a potion of curing
 d - a potion of heal wounds
 e - a potion of haste
 f - 2 potions of magic
 g - a potion of berserk rage


   Skills:
 + Level 10.6 Fighting
 * Level 13.4 Long Blades
 + Level 5.7 Armour
 + Level 5.7 Dodging


You had 6 spell levels left.
You didn't know any spells.
Your spell library was empty.

Dungeon Overview and Level Annotations

Branches:
Dungeon (1/1)

Altars:
Cheibriados
Dithmenos
Elyvilon
Fedhas
Gozag
Hepliaklqana
Kikubaaqudgha
Makhleb
Nemelex Xobeh
Okawaru
Qazlal
Ru
Sif Muna
Trog
Uskayaw
Vehumet
Wu Jian
Xom
Yredelemnul
Zin
The Shining One
Jiyva
Lugonu

Shops:
D [

Annotations:
D Sonja


Innate Abilities, Weirdness & Mutations

You have a pair of horns on your head.
You reflexively headbutt those who attack you in melee.


Message History

Sonja, the Graceful Assassin comes into view.
She is wielding a +1 dagger of distortion and quivering curare-tipped darts.
Sonja shouts!
Sonja throws a curare-tipped dart.
The curare-tipped dart hits you.
You are poisoned.
You have difficulty breathing.
You feel yourself slow down.
Found 108 gold pieces.
You feel very sick.
Sonja casts a spell.
Sonja blinks!
Sonja drinks a potion.
Sonja seems to grow stronger.
There is an open door here.
You feel very sick.
Sonja hits you with a +1 dagger of distortion!
Space bends around you. Sonja misses you. Sonja closely misses you.
A red film seems to cover your vision as you go berserk!
You feel yourself moving faster!
You feel mighty!
You feel sick.
Sonja hits you with a +1 dagger of distortion.
Space bends around you.
Sonja hits you with a +1 dagger of distortion. x2
Space warps horribly around you!
Sonja hits you with a +1 dagger of distortion.
Sonja closely misses you.
Sonja hits you with a +1 dagger of distortion.
Space bends around you.
You closely miss Sonja. Your headbutt misses Sonja.
You feel sick.
Sonja hits you with a +1 dagger of distortion.
Sonja barely misses you. Sonja misses you.
You miss Sonja.
You feel sick.
Sonja hits you with a +1 dagger of distortion!
* * * LOW HITPOINT WARNING * * *
Space warps horribly around you!
* * * LOW HITPOINT WARNING * * *
Sonja barely misses you.
Sonja hits you with a +1 dagger of distortion!
* * * LOW HITPOINT WARNING * * *
Space bends around you.
* * * LOW HITPOINT WARNING * * *
Okay, then.
You miss Sonja.
Sonja hits you with a +1 dagger of distortion!
You die...

#..').#..').#..'^.+
#..#####'#####'#__#
#..####..#...#.####
#..#__####..##)#
#..#_____##'#_.+
#⌠⌠#_.∩...†..._#
####_..__##_.#'#
#_____###K#.#
####### #@### +$.$+
#$.$# ##.## #+#


You could see Sonja (strong).

Vanquished Creatures
  A slime creature (D)
  Sigmund (D)
  A yak (D)
  An ogre (D)
  A jelly (D)
  Ijyb (D)
6 creatures vanquished.

Notes
Turn   | Place    | Note
-------+----------+-------------------------------------------
     0 | D        | Hipnos the Minotaur Berserker began the quest for the Orb.
     0 | D        | Reached XP level 1. HP: 19/19 MP: 0/0
     1 | D        | Noticed Ijyb
     5 | D        | Killed Ijyb
     6 | D        | Reached skill level 5 in Fighting
     6 | D        | Reached skill level 5 in Long Blades
     6 | D        | Reached XP level 2. HP: 29/29 MP: 1/1
    49 | D        | Noticed an ogre
    53 | D        | Killed an ogre
    54 | D        | Reached skill level 8 in Long Blades
    54 | D        | Reached XP level 3. HP: 39/39 MP: 2/2
    54 | D        | Reached XP level 4. HP: 47/47 MP: 3/3
    68 | D        | Noticed Sigmund
    73 | D        | Killed Sigmund
    73 | D        | Reached ** piety under Trog
    74 | D        | Reached skill level 11 in Long Blades
    74 | D        | Reached XP level 5. HP: 53/57 MP: 4/4
    74 | D        | Reached XP level 6. HP: 58/63 MP: 5/5
    86 | D        | Found an ornate altar of the Wu Jian Council.
    86 | D        | Found a shimmering blue altar of Sif Muna.
    88 | D        | Found a radiant altar of Vehumet.
   181 | D        | Found Nappaku's Antique Armour Emporium.
   181 | D        | Found an ancient bone altar of Kikubaaqudgha.
   181 | D        | Found a hazy altar of Hepliaklqana.
   181 | D        | Found a stormy altar of Qazlal.
   181 | D        | Found a hide-covered altar of Uskayaw.
   181 | D        | Found a blossoming altar of Fedhas.
   181 | D        | Found a bloodstained altar of Trog.
   181 | D        | Found an iron altar of Okawaru.
   181 | D        | Found a basalt altar of Yredelemnul.
   181 | D        | Found a glowing golden altar of the Shining One.
   181 | D        | Found a snail-covered altar of Cheibriados.
   181 | D        | Found a sacrificial altar of Ru.
   181 | D        | Found a glowing silver altar of Zin.
   181 | D        | Found a shadowy altar of Dithmenos.
   181 | D        | Found a white marble altar of Elyvilon.
   181 | D        | Noticed a yak
   185 | D        | Killed a yak
   186 | D        | Reached skill level 10 in Fighting
   186 | D        | Reached skill level 12 in Long Blades
   186 | D        | Reached skill level 5 in Armour
   186 | D        | Reached skill level 5 in Dodging
   186 | D        | Found an opulent altar of Gozag.
   187 | D        | Found a sparkling altar of Nemelex Xobeh.
   210 | D        | Found a burning altar of Makhleb.
   210 | D        | Found a viscous altar of Jiyva.
   210 | D        | Found a shimmering altar of Xom.
   210 | D        | Found a corrupted altar of Lugonu.
   210 | D        | Noticed a slime creature
   216 | D        | Killed a slime creature
   216 | D        | Reached *** piety under Trog
   217 | D        | Reached skill level 13 in Long Blades
   217 | D        | Reached XP level 7. HP: 50/73 MP: 6/6
   327 | D        | Noticed Sonja
   333 | D        | Slain by Sonja

Illustrated notes

Levels and vault maps discovered:
D:        dungeon_sprint_1 [red_sonja_temple_1, red_sonja_temple_small_1]

Skill      XL: |  1  2  3  4  5  6 |
---------------+-------------------+-----
Fighting       | 5 7 9 10 | 10.6
Long Blades    | 5 8 11 13 | 13.4
Armour         | 3 4 5 |  5.7
Dodging        | 3 4 5 |  5.7

Action                   |  1- 3 |  4- 6 |  7- 9 || total
-------------------------+-------+-------+-------++-------
Melee: Falchion          |     5 |    13 |     3 ||    21
       Headbutt          |     2 |     5 |       ||     7
Invok: Berserk           |     2 |     1 |     1 ||     4
Armor: Ring mail         |       |     3 |       ||     3
Dodge: Dodged            |     2 |     9 |     6 ||    17
       Rpst.: Falchion   |       |     3 |       ||     3
